 Dungeon Crawl Stone Soup version 0.27-a0-1202-ge72e49191c (webtiles) character file.

Game seed: 11375419981352378044

2184 robertstho the Thaumaturge (level 9, -1/58 HPs)
             Began as a Djinni Fire Elementalist on June 2, 2021.
             Was an Initiate of Makhleb.
             Slain by a wight
             ... wielding a +3 dagger
              (5 damage)
             ... on level 6 of the Dungeon.
             The game lasted 00:11:30 (8827 turns).

robertstho the Thaumaturge (DjFE)                   Turns: 8827, Time: 00:11:31

Health: -1/58      AC:  9    Str: 13    XL:     9   Next: 59%
Gold:   43         EV: 13    Int: 20    God:    Makhleb [......] SH:  0 Dex: 14

rFire    + + .     SeeInvis .   i - +0 whip (venom)
rCold    x . .     Faith    .   (no shield)
rNeg     . . .     Spirit   .   a - +0 robe
rPois    ∞         Reflect  .   (no helmet)
rElec    .         Harm     .   o - +0 cloak
rCorr    .         Rampage  .   (no gloves)
Will     .....                  (boots unavailable)
Stlth    +++.......             (no amulet)
HPRegen  0.19/turn              l - +4 ring of protection
MPRegen  0.00/turn              d - +6 ring of strength

@: flying
A: sickness immunity, fire resistance 2, cold vulnerability 1, float, innate
caster, hp casting, extra vitality 1, iridescent scales 1, camouflage 1,
mutation resistance 1
a: Renounce Religion


You were on level 6 of the Dungeon.
You worshipped Makhleb.
Makhleb was noncommittal.
You visited 2 branches of the dungeon, and saw 7 of its levels.

You collected 120 gold pieces.
You spent 77 gold pieces at shops.

Inventory:

Hand Weapons
 b - a +0 short sword
 i - a +0 whip of venom (weapon)
Armour
 a - a +0 robe (worn)
 o - a +0 cloak (worn)
Jewellery
 d - a +6 ring of strength (right hand)
 h - a ring of willpower
 k - a ring of ice
 l - a +4 ring of protection (left hand)
Scrolls
 c - 2 scrolls of enchant armour {unknown}
 e - 2 scrolls of noise {unknown}
 f - 6 scrolls of teleportation {unknown}
 g - a scroll of amnesia {unknown}
 j - a scroll of fog
 m - a scroll of immolation
 n - 2 scrolls of blinking
 s - 2 scrolls of magic mapping
 u - a scroll of torment {unknown}
Potions
 q - a potion of brilliance
 r - a potion of ambrosia
 t - a potion of lignification {unknown}


   Skills:
 + Level 1.7 Fighting
 + Level 0.7 Maces & Flails
 + Level 4.1 Dodging
 + Level 3.3 Stealth
 + Level 8.7 Spellcasting
 * Level 0.7 Invocations


You couldn't memorise any spells.
You knew the following spells:

 Your Spells              Type           Power      Damage    Failure   Level
a - Foxfire               Conj/Fire      100%       2x1d9     1%          1
b - Conjure Flame         Conj/Fire      43%        6-21      1%          3
c - Inner Flame           Hex/Fire       43%        N/A       1%          3
d - Sticky Flame          Conj/Fire      43%        2d6       2%          4
e - Fireball              Conj/Fire      21%        3d10      6%          5
f - Pain                  Necr           100%       1d9       1%          1
g - Slow                  Hex            43%        N/A       1%          2
h - Vampiric Draining     Necr           21%        2d9       1%          3
i - Fulminant Prism       Conj/Hex       21%        3d13      2%          4
Your spell library was empty.

Dungeon Overview and Level Annotations

Branches:
Dungeon (6/15)             Temple (1/1) D:6

Altars:
Ashenzari
Cheibriados
Dithmenos
Elyvilon
Fedhas
Gozag
Hepliaklqana
Kikubaaqudgha
Makhleb
Nemelex Xobeh
Okawaru
Ru
Sif Muna
Trog
Uskayaw
Vehumet
Wu Jian
Xom
Yredelemnul
Zin
The Shining One

Shops:
D:5 ?

Annotations:
D:6 Prince Ribbit


Innate Abilities, Weirdness & Mutations

You are immune to sickness and miasma.
You are immune to poison.
Your flesh is very heat resistant. (rF++)
You are vulnerable to cold. (rC-)
You float through the air rather than walking.
You learn spells naturally, not from books.
Your magical power is your life essence.
You have superior vitality. (+4 HP)
You are partially covered in iridescent scales. (AC +2)
Your skin changes colour to match your surroundings (Stealth+).
You are somewhat resistant to further mutation.


Message History

The orc priest is moderately wounded.
The foxfire hits the wight.
The wight is moderately damaged.
The foxfire hits the orc priest.
The orc priest is severely wounded.
The orc wizard gestures at you while chanting.
You easily resist.
The orc priest mumbles some strange prayers to Beogh against you.
Beogh smites you!
Casting: Foxfire (safe; 1% risk of failure)
Press: ? - help, Q - select action, (/) - cycle Dir - look around, f - activate You conjure some foxfire!
The foxfire hits the wight.
The wight is moderately damaged.
The foxfire hits the wight!
The wight is severely damaged.
The foxfire hits the wight but does no damage.
The wight is severely damaged.
The wight closely misses you.
The foxfire hits the wight but does no damage.
Casting: Foxfire (safe; 1% risk of failure)
Press: ? - help, Q - select action, (/) - cycle Dir - look around, f - activate You conjure some foxfire!
The wight barely misses you.
Unknown command.
Your foxfire dissipates!
The foxfire hits the wight but does no damage.
The wight is severely damaged.
There is an open door here.
The orc priest calls down the wrath of Beogh upon you.
Beogh smites you!
* * * LOW HITPOINT WARNING * * *
The wight hits you with a +3 dagger.
* * * LOW HITPOINT WARNING * * *
You feel better.
The orc priest calls down the wrath of Beogh upon you.
Beogh smites you!
* * * LOW HITPOINT WARNING * * *
The wight hits you with a +3 dagger.
You die...

.......... ......... ## ..)...)..
.##################.....#
...#...#..........#)....#..
...#...#..........#.....'..
.###.######..##...#oo...#..
.###.#######'##..z'.o...#
.'..............@z#.....#
.#................#.....# .
####'###.###.######.....#'#
###..###.###.##.#§..........
...........+....'........... Z.
...<.......#....#...>....... ..
####..##..##+####........... .#
...#..##..##..#####'#....##'###.#
...#..........#.....#....#......#


You could see 2 wights, an orc priest, an orc wizard and an orc.

Vanquished Creatures
  Pikel (D:5)
  Sigmund (D:6)
  An acid dragon (D:5)
  An orc warrior (D:6)
  An ice beast (D:5)
  A black bear (D:4)
  An ogre (D:4)
  A centaur (D:6)
  A lemure (D:5)
  Blork the orc (D:5)
  A scorpion (D:4)
  A water moccasin skeleton (D:5)
  2 wights (D:6)
  A centaur zombie (D:6)
  2 hounds (D:4)
  4 jellies
  A centaur skeleton (D:4)
  3 orc priests
  A gnoll shaman (D:5)
  3 iguanas
  Natasha (D:3)
  3 orc wizards
  8 gnolls
  7 adders
  A white imp (D:5)
  2 worms (D:2)
  23 orcs
  6 endoplasms
  11 giant cockroaches
  2 goblins
  4 hobgoblins
  14 jackals
  10 kobolds
  6 quokkas
  9 ball pythons
  5 bats
  6 rats
147 creatures vanquished.

Vanquished Creatures (collateral kills)
  3 foxfires (D:1)
3 creatures vanquished.

Vanquished Creatures (others)
  611 foxfires
611 creatures vanquished.

Grand Total: 761 creatures vanquished

Notes
Turn   | Place    | Note
-------+----------+-------------------------------------------
     0 | D:1      | robertstho the Djinni Fire Elementalist began the quest for
                  | the Orb.
     0 | D:1      | Reached XP level 1. HP: 15/15 MP: 0/0
   387 | D:1      | Reached XP level 2. HP: 18/21 MP: 0/0
   723 | D:1      | Reached skill level 3 in Spellcasting
   797 | D:1      | Found a faded altar of an unknown god.
   934 | D:1      | Reached XP level 3. HP: 22/25 MP: 0/0
   934 | D:1      | Learned a level 1 spell: Pain
  1994 | D:2      | Reached XP level 4. HP: 25/31 MP: 0/0
  2638 | D:2      | Reached XP level 5. HP: 28/35 MP: 0/0
  2638 | D:2      | Learned a level 2 spell: Slow
  2724 | D:2      | Reached skill level 4 in Spellcasting
  3586 | D:3      | Gained mutation: You are somewhat resistant to further
                  | mutation. [potion of mutation]
  3586 | D:3      | Gained mutation: Your skin changes colour to match your
                  | surroundings (Stealth+). [potion of mutation]
  3586 | D:3      | Gained mutation: You are partially covered in iridescent
                  | scales. (AC +2) [potion of mutation]
  3768 | D:3      | Reached XP level 6. HP: 32/40 MP: 0/0
  4481 | D:3      | Noticed Natasha
  4488 | D:3      | Killed Natasha
  5012 | D:4      | Noticed a black bear
  5017 | D:4      | Killed a black bear
  5018 | D:4      | Reached skill level 5 in Spellcasting
  5018 | D:4      | Reached XP level 7. HP: 41/46 MP: 0/0
  5018 | D:4      | Learned a level 3 spell: Vampiric Draining
  5402 | D:4      | Reached skill level 1 in Fighting
  5991 | D:5      | Entered Level 5 of the Dungeon
  6067 | D:5      | Reached skill level 6 in Spellcasting
  6070 | D:5      | Reached XP level 8. HP: 44/52 MP: 0/0
  6071 | D:5      | Noticed Pikel
  6072 | D:5      | Noticed Blork the orc
  6203 | D:5      | Found Picrol's Magic Scroll Shoppe.
  6237 | D:5      | Killed Blork the orc
  6438 | D:5      | Bought a scroll of magic mapping for 49 gold pieces
  6438 | D:5      | Bought a scroll of identify for 28 gold pieces
  6463 | D:5      | Killed Pikel
  6464 | D:5      | Reached skill level 7 in Spellcasting
  6638 | D:5      | Reached XP level 9. HP: 30/57 MP: 0/0
  6638 | D:5      | Learned a level 4 spell: Fulminant Prism
  7232 | D:5      | Reached skill level 8 in Spellcasting
  7820 | D:6      | Noticed Prince Ribbit
  7962 | D:6      | Noticed Sigmund
  7965 | D:6      | Killed Sigmund
  8216 | D:6      | Found a staircase to the Ecumenical Temple.
  8337 | Temple   | Entered the Ecumenical Temple
  8572 | Temple   | Became a worshipper of Makhleb the Destroyer
  8827 | D:6      | Slain by a wight

Illustrated notes

Levels and vault maps discovered:
D:1:      tarquinn_simple_flora_water_f, layout_loops_cross,
          ebering_ecumenical_altar_rust
D:2:      minmay_roachtagon, layout_basic
D:3:      layout_loops_ring, st_stairs_8, minivault_4, uniq_natasha
D:4:      layout_loops_cross, minmay_misc_feat_plants,
          chequers_serial_rivers_marsh, amethyst_killhole,
          kennysheep_generic_room_7
D:5:      layout_loops_cross, serial_shops, shop, uniq_blork_the_orc, uniq_pikel
D:6:      layout_gridville, minmay_temple_entry_large_hall, minmay_small_thing,
          uniq_prince_ribbit1, uniq_sigmund
Temple:   kilobyte_greek_temple

Skill      XL: |  1  2  3  4  5  6  7  8  9 |
---------------+----------------------------+-----
Spellcasting   | 3 4 5 6 7 8 |  8.7
Dodging        | 3 4 |  4.1
Stealth        | 2 3 |  3.3
Fighting       | 1 |  1.7
Maces & Flails | |  0.7
Invocations    | |  0.7

Action                   |  1- 3 |  4- 6 |  7- 9 || total
-------------------------+-------+-------+-------++-------
Melee: Short sword       |       |     1 |       ||     1
       Whip              |       |       |     8 ||     8
 Cast: Foxfire           |   101 |   143 |   134 ||   378
       Sticky Flame      |       |     2 |     7 ||     9
       Fireball          |       |       |    22 ||    22
  Use: Potion            |       |     2 |     1 ||     3
       Scroll            |       |       |     6 ||     6
 Stab: Sleeping          |       |       |     1 ||     1
Armor: Robe              |     4 |     4 |    17 ||    25
Dodge: Dodged            |    20 |    37 |    27 ||    84

Table legend: (Time is in decaauts)
 A = Elapsed time spent in this place.
 B = Non-inter-level travel time spent in this place.
 C = Inter-level travel time spent in this place.
 D = Time resting spent in this place.
 E = Time spent auto-exploring this place.
 F = Levels seen in this place.
 G = Mean time per level.
                   A        B        C        D        E       F      G
               +--------+--------+--------+--------+--------+-----+--------+
         Total |   8830 |   8567 |    263 |    582 |   7022 |   7 | 1261.4 |
       Dungeon |   8598 |   8411 |    187 |    582 |   6881 |   6 | 1433.0 |
        Temple |    231 |    155 |     76 |      0 |    141 |   1 |  231.0 |
               +--------+--------+--------+--------+--------+-----+--------+

Top non-repeatable levels by time:
     D:2: 2030 daAuts
     D:4: 1700 daAuts
     D:1: 1539 daAuts
     D:3: 1155 daAuts
     D:5: 1146 daAuts
     D:6: 1026 daAuts
  Temple: 231 daAuts
